General information
- name: BNet
- type: Ladder team game (AT/RT)
- host: Battle.net
- saver: TALONSAREIMBA
map: Deadlock
- players: 8
- length: 21:31
- speed: Fast
- version: 1.24 W3XP
- replay type: Public
» download(167 KB)
Players
team 1 (loser)

»
XxLordDiabloxX (
orange | 78 APM | 1216 actions | 15:38)
4 Keeper of the Grove
2 Entangling Roots
2 Force of Nature
1 Priestess of the Moon
1 Scout
» actions
| Assign group hotkey | 12 | |
| Basic commands | 59 | |
| Build / train | 71 | |
| Enter build submenu | 20 | |
| Enter hero's abilities submenu | 6 | |
| Give item / drop item | 2 | |
| Remove unit from queue | 4 | |
| Right click | 416 | |
| Select / deselect | 296 | |
| Select group hotkey | 272 | |
| Use ability | 58 | |
1216 total
» units
| Wisp | 23 | |
| Archer | 6 | |
| Druid of the Talon | 9 | |
38 total
» upgrades
| Nature's Blessing | 1 | |
| Ultravision | 1 | |
| Druid of the Talon Training | 2 | |
| Strength of the Wild | 2 | |
| Reinforced Hides | 2 | |
| Well Spring | 1 | |
| Strength of the Moon | 0 | |
9 total
» buildings
| Altar of Elders | 2 | |
| Moon Well | 10 | |
| Ancient of War | 1 | |
| Tree of Ages | 3 | |
| Hunter's Hall | 1 | |
| Tree of Life | 2 | |
| Tree of Eternity | 1 | |
| Ancient of Wind | 2 | |
| Ancient of Wonders | 1 | |
23 total
» build order
00:02 Altar of Elders
00:15 Moon Well
00:32 Ancient of War
01:28 Moon Well
01:51 Moon Well
02:57 Tree of Ages
02:57 Tree of Ages
03:59 Moon Well
04:10 Hunter's Hall
04:58 Tree of Life
05:45 Moon Well
06:10 Moon Well
08:09 Tree of Eternity
08:13 Ancient of Wind
09:21 Ancient of Wind
10:04 Ancient of Wonders
13:50 Altar of Elders
13:52 Moon Well
13:55 Tree of Life
13:58 Moon Well
14:05 Moon Well
14:23 Moon Well
15:18 Tree of Ages
» items
| Boots of Speed | 1 | |
| Potion of Lesser Invulnerability | 2 | |
| Scroll of Town Portal | 1 | |
| Lesser Clarity Potion | 1 | |
| Healing Salve | 1 | |
| Staff of Teleportation | 1 | |
7 total
peonwith2x2 (
red | 166 APM | 3560 actions | 21:25)
2 Far Seer
1 Feral Spirit
1 Chain Lighting
2 Tauren Chieftain
1 War Stomp
1 Endurance Aura
1 Priestess of the Moon
1 Trueshot Aura
» actions
| Assign group hotkey | 28 | |
| Basic commands | 6 | |
| Build / train | 47 | |
| Enter build submenu | 28 | |
| Enter hero's abilities submenu | 5 | |
| Right click | 992 | |
| Select / deselect | 323 | |
| Select group hotkey | 2062 | |
| Use ability | 69 | |
3560 total
» units
| Peon | 14 | |
| Wind Rider | 13 | |
| Troll Witch Doctor | 2 | |
29 total
» upgrades
| Witch Doctor Training | 2 | |
| Shaman Training | 2 | |
| Armor | 1 | |
| Reinforced Defenses | 1 | |
| Ranged Weapons | 2 | |
8 total
» buildings
| Altar of Storms | 1 | |
| Orc Burrow | 6 | |
| War Mill | 1 | |
| Stronghold | 1 | |
| Watch Tower | 15 | |
| Voodoo Lounge | 1 | |
| Beastiary | 2 | |
| Spirit Lodge | 1 | |
| Fortress | 1 | |
29 total
» build order
00:11 Altar of Storms
00:15 Orc Burrow
01:06 War Mill
01:27 Orc Burrow
02:34 Stronghold
02:39 Watch Tower
02:55 Watch Tower
03:24 Watch Tower
03:33 Voodoo Lounge
03:45 Orc Burrow
04:00 Watch Tower
05:02 Beastiary
05:07 Beastiary
05:24 Orc Burrow
05:30 Spirit Lodge
06:58 Fortress
08:26 Orc Burrow
13:08 Watch Tower
13:18 Watch Tower
13:27 Watch Tower
13:34 Watch Tower
13:42 Watch Tower
13:49 Watch Tower
14:04 Orc Burrow
16:04 Watch Tower
16:10 Watch Tower
16:16 Watch Tower
18:07 Watch Tower
18:21 Watch Tower
» items
kingpin01 (
purple | 35 APM | 760 actions | 21:30)
3 Paladin
1 Holy Light
1 Divine Shield
1 Devotion Aura
» actions
| Basic commands | 75 | |
| Build / train | 104 | |
| Enter build submenu | 35 | |
| Enter hero's abilities submenu | 3 | |
| Remove unit from queue | 6 | |
| Right click | 174 | |
| Select / deselect | 321 | |
| Use ability | 42 | |
760 total
» units
| Peasant | 18 | |
| Footman | 17 | |
| Rifleman | 23 | |
| Knight | 3 | |
| Gryphon Rider | 3 | |
64 total
» upgrades
| Masonry | 1 | |
| Swords | 1 | |
| Plating | 1 | |
| Gunpowder | 2 | |
| Long Rifles | 1 | |
| Barrage | 1 | |
7 total
» buildings
| Barracks | 3 | |
| Farm | 9 | |
| Altar of Kings | 1 | |
| Lumber Mill | 1 | |
| Scout Tower | 10 | |
| Guard Tower | 13 | |
| Town Hall | 1 | |
| Keep | 2 | |
| Blacksmith | 1 | |
| Castle | 3 | |
| Gryphon Aviary | 2 | |
| Arcane Sanctum | 1 | |
| Workshop | 1 | |
48 total
» build order
00:22 Barracks
00:37 Farm
00:52 Farm
01:09 Altar of Kings
01:41 Lumber Mill
01:58 Farm
02:08 Scout Tower
02:36 Farm
02:40 Farm
02:51 Scout Tower
03:03 Guard Tower
03:17 Guard Tower
03:18 Guard Tower
04:16 Town Hall
04:47 Scout Tower
05:14 Guard Tower
05:19 Scout Tower
05:27 Scout Tower
05:49 Guard Tower
05:56 Guard Tower
06:29 Scout Tower
06:31 Scout Tower
06:45 Scout Tower
06:45 Scout Tower
06:52 Scout Tower
08:20 Guard Tower
08:25 Keep
08:27 Guard Tower
08:27 Guard Tower
08:27 Guard Tower
08:35 Blacksmith
08:46 Guard Tower
08:51 Guard Tower
10:18 Barracks
11:18 Castle
11:18 Castle
11:40 Gryphon Aviary
11:43 Gryphon Aviary
12:35 Farm
12:40 Farm
14:03 Farm
14:06 Farm
16:07 Arcane Sanctum
16:21 Workshop
18:14 Barracks
Romain (
green | 48 APM | 821 actions | 17:10)
4 Archmage
2 Summon Water Elemental
1 Blizzard
1 Brilliance Aura
» actions
| Assign group hotkey | 15 | |
| Build / train | 57 | |
| Enter build submenu | 24 | |
| Enter hero's abilities submenu | 5 | |
| Give item / drop item | 2 | |
| Right click | 212 | |
| Select / deselect | 392 | |
| Select group hotkey | 76 | |
| Use ability | 37 | |
821 total
» units
| Peasant | 14 | |
| Footman | 10 | |
| Mortar Team | 5 | |
| Knight | 5 | |
34 total
» upgrades
| Gunpowder | 1 | |
| Lumber Harvesting | 2 | |
| Swords | 2 | |
| Plating | 1 | |
| Armor | 1 | |
| Long Rifles | 1 | |
| Barrage | 1 | |
| Fragmentation Shards | 1 | |
10 total
» buildings
| Farm | 10 | |
| Altar of Kings | 1 | |
| Barracks | 1 | |
| Lumber Mill | 1 | |
| Arcane Vault | 1 | |
| Blacksmith | 1 | |
| Scout Tower | 4 | |
| Arcane Tower | 2 | |
| Keep | 1 | |
| Guard Tower | 2 | |
| Town Hall | 1 | |
| Workshop | 2 | |
| Castle | 1 | |
28 total
» build order
00:05 Farm
00:09 Altar of Kings
00:49 Farm
01:00 Barracks
01:13 Lumber Mill
01:47 Farm
02:12 Arcane Vault
02:38 Farm
02:45 Farm
03:08 Blacksmith
03:24 Scout Tower
04:01 Arcane Tower
04:07 Scout Tower
04:15 Keep
04:24 Farm
04:37 Arcane Tower
05:05 Scout Tower
06:02 Guard Tower
07:04 Town Hall
07:15 Workshop
07:21 Farm
07:58 Castle
08:08 Farm
09:59 Farm
10:37 Workshop
10:55 Farm
13:25 Scout Tower
13:58 Guard Tower
» items
| Scroll of Regeneration | 1 | |
| Scroll of Town Portal | 1 | |
2 total
team 2 (winner)

»
TALONSAREIMBA (
blue | 125 APM | 2698 actions | 21:31)
8 Tauren Chieftain
3 War Stomp
3 Endurance Aura
1 Reincarnation
1 Shockwave
6 Shadow Hunter
3 Hex
2 Healing Wave
1 Big Bad Voodoo
» actions
| Assign group hotkey | 20 | |
| Basic commands | 227 | |
| Build / train | 67 | |
| ESC pressed | 2 | |
| Enter build submenu | 13 | |
| Enter hero's abilities submenu | 14 | |
| Right click | 1071 | |
| Select / deselect | 653 | |
| Select group hotkey | 557 | |
| Use ability | 74 | |
2698 total
» units
» upgrades
| Ranged Weapons | 3 | |
| Armor | 3 | |
| Envenomed Spears | 1 | |
7 total
» buildings
| Altar of Storms | 1 | |
| Orc Burrow | 4 | |
| Barracks | 1 | |
| Voodoo Lounge | 1 | |
| War Mill | 1 | |
| Great Hall | 3 | |
| Stronghold | 1 | |
| Beastiary | 2 | |
| Fortress | 1 | |
15 total
» build order
00:04 Altar of Storms
00:05 Orc Burrow
00:22 Barracks
01:40 Orc Burrow
01:53 Voodoo Lounge
03:40 War Mill
04:07 Great Hall
04:32 Stronghold
04:51 Orc Burrow
05:26 Orc Burrow
06:53 Beastiary
06:56 Beastiary
08:30 Fortress
13:27 Great Hall
20:20 Great Hall
» items
| Healing Salve | 4 | |
| Lesser Clarity Potion | 4 | |
| Potion of Mana | 2 | |
| Boots of Speed | 1 | |
| Scroll of Town Portal | 1 | |
| Periapt of Vitality | 1 | |
13 total

»
stoned.dk (
pink | 37 APM | 791 actions | 21:30)
6 Warden
3 Fan of Knives
2 Blink
1 Spirit of Vengeance
» actions
| Basic commands | 10 | |
| Build / train | 74 | |
| Enter build submenu | 13 | |
| Enter hero's abilities submenu | 6 | |
| Give item / drop item | 1 | |
| Remove unit from queue | 4 | |
| Right click | 287 | |
| Select / deselect | 304 | |
| Use ability | 92 | |
791 total
» units
| Wisp | 16 | |
| Druid of the Claw | 7 | |
| Centaur Outrunner | 1 | |
| Mountain Giant | 1 | |
25 total
» upgrades
| Strength of the Wild | 3 | |
| Reinforced Hides | 3 | |
| Druid of the Claw Training | 2 | |
| Mark of the Claw | 1 | |
| Ultravision | 1 | |
| Well Spring | 1 | |
| Hardened Skin | 1 | |
| Resistant Skin | 1 | |
| Strength of the Moon | 3 | |
| Moon Armor | 3 | |
| Abolish Magic | 1 | |
| Nature's Blessing | 1 | |
| Backpack | 1 | |
| Marksmanship | 1 | |
| Improved Bows | 1 | |
| Druid of the Talon Training | 2 | |
| Hippogryph Taming | 1 | |
| Sentinel | 1 | |
| Upgrade Moon Glaive | 1 | |
| Vorpal Blades | 1 | |
| Mark of the Talon | 1 | |
31 total
» buildings
| Altar of Elders | 1 | |
| Moon Well | 6 | |
| Tree of Ages | 1 | |
| Hunter's Hall | 1 | |
| Ancient of Wonders | 1 | |
| Ancient of Lore | 2 | |
| Tree of Eternity | 1 | |
| Ancient of Wind | 1 | |
| Ancient of War | 1 | |
15 total
» build order
00:19 Altar of Elders
00:26 Moon Well
00:51 Moon Well
01:35 Moon Well
02:23 Tree of Ages
02:45 Hunter's Hall
02:49 Moon Well
03:16 Ancient of Wonders
03:38 Moon Well
04:48 Ancient of Lore
05:07 Tree of Eternity
05:33 Ancient of Lore
05:46 Moon Well
15:10 Ancient of Wind
15:13 Ancient of War
» items
| Potion of Healing | 2 | |
| Potion of Mana | 2 | |
| Moonstone | 1 | |
5 total
SeNnie. (
teal | 47 APM | 1006 actions | 21:30)
6 Blademaster
2 Critical Strike
3 Wind Walk
1 Bladestorm
» actions
| Assign group hotkey | 10 | |
| Build / train | 42 | |
| Enter build submenu | 13 | |
| Enter hero's abilities submenu | 6 | |
| Remove unit from queue | 2 | |
| Right click | 469 | |
| Select / deselect | 127 | |
| Select group hotkey | 254 | |
| Use ability | 83 | |
1006 total
» units
» upgrades
| Melee Weapons | 3 | |
| Armor | 1 | |
| Pillage | 1 | |
| Ensnare | 1 | |
| Ranged Weapons | 1 | |
7 total
» buildings
| Altar of Storms | 1 | |
| Orc Burrow | 6 | |
| Voodoo Lounge | 1 | |
| Stronghold | 1 | |
| War Mill | 1 | |
| Watch Tower | 1 | |
| Beastiary | 3 | |
| Fortress | 1 | |
| Barracks | 2 | |
17 total
» build order
00:09 Altar of Storms
00:20 Orc Burrow
00:39 Voodoo Lounge
02:07 Orc Burrow
02:47 Stronghold
02:51 War Mill
03:24 Orc Burrow
04:07 Watch Tower
05:13 Beastiary
05:15 Beastiary
05:42 Beastiary
05:48 Orc Burrow
07:22 Fortress
08:32 Orc Burrow
16:37 Orc Burrow
19:33 Barracks
19:34 Barracks
» items
| Healing Salve | 2 | |
| Lesser Clarity Potion | 2 | |
4 total

»
ROCKYLANE (
yellow | 56 APM | 1209 actions | 21:30)
6 Demon Hunter
3 Mana Burn
2 Evasion
1 Metamorphosis
» actions
| Assign group hotkey | 42 | |
| Basic commands | 73 | |
| Build / train | 92 | |
| Enter build submenu | 25 | |
| Enter hero's abilities submenu | 6 | |
| Remove unit from queue | 2 | |
| Right click | 232 | |
| Select / deselect | 280 | |
| Select group hotkey | 400 | |
| Use ability | 57 | |
1209 total
» units
| Wisp | 30 | |
| Archer | 17 | |
| Hippogryph | 11 | |
| Chimaera | 6 | |
| Druid of the Talon | 3 | |
67 total
» upgrades
| Ultravision | 1 | |
| Strength of the Moon | 1 | |
| Moon Armor | 1 | |
| Improved Bows | 1 | |
| Hippogryph Taming | 1 | |
| Marksmanship | 1 | |
| Well Spring | 1 | |
| Druid of the Talon Training | 2 | |
| Corrosive Breath | 1 | |
| Mark of the Talon | 1 | |
| Reinforced Hides | 1 | |
| Strength of the Wild | 1 | |
13 total
» buildings
| Altar of Elders | 1 | |
| Moon Well | 9 | |
| Ancient of War | 1 | |
| Hunter's Hall | 1 | |
| Tree of Ages | 1 | |
| Ancient Protector | 4 | |
| Tree of Life | 1 | |
| Ancient of Wonders | 1 | |
| Ancient of Wind | 2 | |
| Tree of Eternity | 1 | |
| Chimaera Roost | 4 | |
26 total
» build order
00:05 Altar of Elders
00:18 Moon Well
00:47 Ancient of War
01:29 Moon Well
01:48 Moon Well
02:46 Hunter's Hall
03:41 Moon Well
04:34 Tree of Ages
04:37 Ancient Protector
06:12 Ancient Protector
06:17 Ancient Protector
06:25 Tree of Life
06:34 Ancient of Wonders
08:06 Ancient of Wind
08:22 Moon Well
09:56 Ancient Protector
10:13 Tree of Eternity
11:36 Ancient of Wind
11:43 Moon Well
13:58 Chimaera Roost
14:21 Chimaera Roost
14:25 Moon Well
15:40 Chimaera Roost
15:43 Chimaera Roost
16:33 Moon Well
16:36 Moon Well
» items
Chat log
(00:12 / Allies) stoned.dk: bears
(00:31 / Allies) ROCKYLANE: air
(00:39 / Allies) stoned.dk: i have no units till bears
(01:11 / Allies) ROCKYLANE: hero?
(01:14 / Allies) ROCKYLANE: pink
(01:19 / Allies) stoned.dk: warden
(01:22 / Allies) ROCKYLANE: k
(04:18 / Allies) stoned.dk: can i have claws
(04:23 / Allies) ROCKYLANE: y
(04:26 / Allies) ROCKYLANE: =P
(04:31 / Allies) stoned.dk: blue
(07:41 / Allies) stoned.dk: rdy to hitsoon?
(08:43 / All) TALONSAREIMBA: run
(09:29 / Allies) ROCKYLANE: meet
(10:13 / All) TALONSAREIMBA: maphack wont save u yellow
(10:26 / All) XxLordDiabloxX: Is Yellow maphacking?
(10:29 / All) TALONSAREIMBA: Orange*
(10:35 / All) XxLordDiabloxX: ROFL
(11:03 / All) XxLordDiabloxX: I never used any hacks in 7 years of game.
(11:18 / All) XxLordDiabloxX: Maybe are you just too innocent to know what an Owl is.
(11:22 / All) TALONSAREIMBA: yup
(13:33 / Allies) ROCKYLANE: wood pls
(14:05 / Allies) ROCKYLANE: i need wood... not gold
(14:16 / Allies) SeNnie.: well give me back my golds then
(14:17 / Allies) ROCKYLANE: ty
(14:31 / Allies) SeNnie.: well can i get my money back ?
(15:31 / All) XxLordDiabloxX: gg
(15:34 / Allies) stoned.dk: i only mademy hero and 4 bears and now i have 3 bears
(17:23 / All) SeNnie.: how the fuck did u guys get to lvl 22
(17:27 / All) SeNnie.: for being this noob
(19:55 / Allies) ROCKYLANE: lets hit?